 Dungeon Crawl Stone Soup version 0.24.0-1-gfbc8707122 (webtiles) character file.

Game seed: 1725135263058616333, levelgen mode: deterministic

32 Froggeryz the Cutter (level 3, -6/21 HPs)
             Began as a Kobold Chaos Knight on Oct 26, 2019.
             Was a Plaything of Xom.
             Killed by a magical explosion (14 damage)
             ... on level 1 of the Dungeon.
             The game lasted 00:02:35 (1045 turns).

Froggeryz the Cutter (Kobold Chaos Knight)          Turns: 1045, Time: 00:02:36

Health: -6/21      AC:  5    Str:  9    XL:     3   Next: 42%
Magic:  2/2        EV: 14    Int: 13    God:    Xom [..*...]
Gold:   44         SH:  4    Dex: 15    Spells: 2/2 levels left

rFire    . . .     SeeInvis .   o - +0 short sword (drain)
rCold    . . .     Gourm    .   (shield restricted)
rNeg     . . .     Faith    .   b - +2 leather armour
rPois    +         Spirit   .   (no helmet)
rElec    .         Reflect  .   (no cloak)
rCorr    .         Harm     .   (no gloves)
MR       .....                  (no boots)
Stlth    +.........             (no amulet)
HPRegen  0.07/turn              m - ring of poison resistance
MPRegen  0.08/turn              (no ring)

@: contaminated, glowing, lightly drained
A: small, large bone plates 1, blurry vision 3, carnivore, deterioration 1,
frail 1, low mp 1, screaming 1, subdued magic 1
a: Renounce Religion


You were on level 1 of the Dungeon.
You worshipped Xom.
You were a toy of Xom.
You were very full.

You visited 1 branch of the dungeon, and saw 1 of its levels.

You collected 44 gold pieces.

Inventory:

Hand Weapons
 a - a +0 short sword of chaos
 g - a +2 dagger of speed
 i - a +0 spear of flaming
 o - a +0 short sword of draining (weapon)
Missiles
 j - 29 poisoned darts (quivered)
Armour
 b - a +2 leather armour (worn)
Jewellery
 m - a ring of poison resistance (left hand)
Scrolls
 d - 3 scrolls of identify {unknown}
 e - a scroll of remove curse {unknown}
 f - a scroll of fog {unknown}
 h - a scroll of noise {unknown}
Potions
 k - a potion of agility {unknown}
 l - a potion of lignification {unknown}
 n - a potion of curing {unknown}
 p - a potion of invisibility {unknown}
Comestibles
 c - 2 rations


   Skills:
 + Level 3.8(3.6) Fighting
 * Level 5.2(5.0) Short Blades
 - Level 0.7(0.5) Armour
 - Level 2.4(2.2) Dodging


You had 2 spell levels left.
You didn't know any spells.
Your spell library was empty.

Dungeon Overview and Level Annotations

Branches:
Dungeon (1/15)

Altars:


Innate Abilities, Weirdness & Mutations

You are small and have problems with some larger weapons.
You are carnivorous and can eat meat at any time.
You are partially covered in large bone plates. (SH +4)
Scrolls take you much longer to read.
Your body sometimes deteriorates upon taking damage.
You are frail. (-10% HP)
Your magical capacity is low. (-10% MP)
You occasionally shout uncontrollably at your foes.
Your spells are a little easier to cast, but a little less powerful.


Message History

You kill the frilled lizard!
No target in view!
No target in view!
You see here a frilled lizard corpse.
Your body shudders with the violent release of wild energies!
Your vision blurs.
You see here a frilled lizard corpse.
Your body shudders with the violent release of wild energies!
The magical storm engulfs you!
Ouch! That really hurt!
* * * LOW HITPOINT WARNING * * *
Your connection to magic feels subdued.
You feel less contaminated with magical energies.
Xom's power touches on you for a moment.
The dust glows faint azure!
Your body shudders with the violent release of wild energies!
The magical storm engulfs you!
Ouch! That really hurt!
You die...
Xom giggles madly!

...#.#....# #.#
...#.###### #.# ...#.# #.#
...#.# #.# ...#(# #.#
...#.# #### #.# ...#.# ..
..# #.# ####.# #.#####.#
#.# #.# #.#...#@# #.# #†#
#.###.#.#######.#
#†#####.###.#.........#
####(............#########
...........###.#.#
...........# #.#.#
...........###.#.#
...............#.#
..........######.#


There were no monsters in sight!

Vanquished Creatures
  2 dart slugs (D:1)
  A leopard gecko (D:1)
  2 bats (D:1)
  2 giant cockroaches (D:1)
  3 hobgoblins (D:1)
  5 kobolds (D:1)
  4 frilled lizards (D:1)
  3 goblins (D:1)
  3 rats (D:1)
25 creatures vanquished.

Notes
Turn   | Place    | Note
-------+----------+-------------------------------------------
     0 | D:1      | Froggeryz the Kobold Chaos Knight began the quest for the
                  | Orb.
     0 | D:1      | Reached XP level 1. HP: 14/14 MP: 1/1
   146 | D:1      | XOM: potion effect (brilliance)
   159 | D:1      | Reached XP level 2. HP: 16/19 MP: 2/2
   316 | D:1      | XOM: harmless Necr miscast
   333 | D:1      | XOM: butterfly on damage
   336 | D:1      | Reached XP level 3. HP: 18/24 MP: 3/3
   600 | D:1      | Reached skill level 5 in Short Blades
   646 | D:1      | XOM: cloud trail
   673 | D:1      | Gained mutation: Scrolls take you a little longer to read.
                  | [mutagenic glow]
   696 | D:1      | Gained mutation: You are partially covered in large bone
                  | plates. (SH +4) [mutagenic glow]
   740 | D:1      | Gained mutation: Scrolls take you longer to read.
                  | [mutagenic glow]
   793 | D:1      | Gained mutation: You are frail. (-10% HP) [mutagenic glow]
   844 | D:1      | Gained mutation: Your body sometimes deteriorates upon
                  | taking damage. [mutagenic glow]
   902 | D:1      | Gained mutation: You occasionally shout uncontrollably at
                  | your foes. [mutagenic glow]
   917 | D:1      | XOM: cloud trail
   926 | D:1      | XOM: scenery: 1 doors open
   939 | D:1      | Gained mutation: Your magical capacity is low. (-10% MP)
                  | [mutagenic glow]
   999 | D:1      | Gained mutation: Scrolls take you much longer to read.
                  | [mutagenic glow]
  1020 | D:1      | Gained mutation: Your spells are a little easier to cast,
                  | but a little less powerful. [mutagenic glow]
  1041 | D:1      | XOM: mild Hex miscast
  1045 | D:1      | Killed by a magical explosion

Levels and vault maps discovered:
D:1:      lightli_arrival_boilingwater, layout_basic

Skill      XL: |  1  2  3 |
---------------+----------+-----
Short Blades   | 5 |  5.2
Fighting       | |  3.8
Armour         | |  0.7
Dodging        | |  2.4

Action                   || total
-------------------------++-------
Melee: Short sword       ||    29
       Dagger            ||    45
 Stab: Sleeping          ||     1
  Eat: Chunk             ||     8
Armor: Leather armour    ||    14
Dodge: Dodged            ||    48
Block: Other             ||     3
